 Dungeon Crawl Stone Soup version 0.29-a0-553-g81b289dbe5 (webtiles) character file.

Game seed: 3281681205401686523

26 KristoblXynda the Slasher (level 2, -2/25 HPs)
             Began as a Draconian Gladiator on June 6, 2022.
             Slain by a gnoll
             ... wielding a +0 spear
              (4 damage)
             ... on level 1 of the Dungeon.
             The game lasted 00:00:46 (977 turns).

KristoblXynda the Slasher (Draconian Gladiator)      Turns: 977, Time: 00:00:46

Health: -2/25      AC:  5    Str: 16    XL:     2   Next: 89%
Magic:  2/2        EV: 12    Int:  8    God:
Gold:   13         SH:  0    Dex: 12    Spells: 1/1 levels left

rFire   . . .      SeeInvis .   a - +0 long sword
rCold   . . .      Faith    .   (no shield)
rNeg    . . .      Spirit   .   (body armour unavailable)
rPois   .          Reflect  .   b - +0 hat
rElec   .          Harm     .   (no cloak)
rCorr   .          Rampage  .   (no gloves)
Will    .....                   e - +0 pair of boots
Stlth   +.........              (no amulet)
HPRegen 0.08/turn               (no ring)
MPRegen 0.08/turn               (no ring)

@: no status effects
A: AC +4, unfitting armour, cold-blooded
a: no special abilities


You were on level 1 of the Dungeon.
You visited 1 branch of the dungeon, and saw 2 of its levels.

You collected 13 gold pieces.

Inventory:

Hand Weapons
 a - a +0 long sword (weapon)
Missiles
 c - 4 throwing nets (quivered)
 d - a javelin
Armour
 b - a +0 hat (worn)
 e - a +0 pair of boots (worn)
Scrolls
 f - a scroll of enchant weapon {unknown}
 g - a scroll of immolation {unknown}
 k - a scroll of teleportation {unknown}
 l - 2 scrolls of noise {unknown}
Potions
 h - 2 potions of brilliance {unknown}
 i - a potion of berserk rage {unknown}
 j - a potion of heal wounds {unknown}


   Skills:
 + Level 2.6 Fighting
 * Level 3.5 Long Blades
 - Level 2.0 Throwing
 + Level 3.0 Dodging


You had one spell level left.
You didn't know any spells.
Your spell library was empty.

Dungeon Overview and Level Annotations

Branches:
Dungeon (2/15)

Altars:


Innate Abilities, Weirdness & Mutations

Your plain brown scales are hard. (AC +4)
You cannot fit into any form of body armour.
You are cold-blooded and may be slowed by cold attacks.


Message History

The bat barely misses you.
There is a stone staircase leading up here.
The bat misses you. The bat hits you but does no damage.
A gnoll comes into view. It is wielding a +0 club.
The gnoll throws a throwing net.
The throwing net barely misses you.
The gnoll shouts!
You hit the bat.
The bat is moderately wounded.
The bat closely misses you. x2
The bat attacks as you move away! The bat misses you.
The bat closely misses you. The bat barely misses you.
You see here a throwing net.
c - 4 throwing nets (gained 1)
The bat misses you. The bat barely misses you.
A hobgoblin comes into view.
The bat barely misses you. x2; The gnoll closely misses you.
There is a stone staircase leading up here.
Unknown command.
The bat barely misses you. The bat hits you but does no damage.
The bat completely misses you.
The gnoll hits you from afar with a +0 spear! x2
The kobold barely misses you. The gnoll closely misses you.
You climb upwards.
There is a stone staircase leading down here.
You closely miss the gnoll. The bat barely misses you.
The gnoll hits you but does no damage.
You barely miss the gnoll.
Your tail-slap misses the gnoll.
The gnoll hits you with a +0 spear. The kobold barely misses you.
You hit the gnoll.
The gnoll is moderately wounded.
The gnoll hits you but does no damage.
The kobold hits you with a +0 short sword.
* * * LOW HITPOINT WARNING * * *
You closely miss the gnoll.
Your tail-slap misses the gnoll.
The gnoll is moderately wounded.
The kobold hits you but does no damage. The gnoll hits you but does no damage.
The kobold hits you with a +0 short sword.
* * * LOW HITPOINT WARNING * * *
The gnoll hits you with a +0 spear.
You die...

#......(.....# #......#
#.##.........#######......#
#.##..............)..#.####
#...###......###.......#
###.###......# #.......#
#....####### #.......#
#....###### #.......#
#.........####.......########
##...####.##@Kb......'.......
#...####.##g####....########
#...##......# #....#
#...##......################
#...##......................
####...##.....#################
#.......###.#### #.......#
#....# #.......# ####.#####


You could see a gnoll, a bat and a kobold.

Vanquished Creatures
  A dart slug (D:1)
  3 endoplasms (D:1)
  A giant cockroach (D:1)
  2 hobgoblins (D:1)
  4 jackals (D:1)
  A kobold (D:1)
  A quokka (D:1)
  3 ball pythons (D:1)
  A frilled lizard (D:1)
  A goblin (D:1)
  4 rats (D:1)
22 creatures vanquished.

Notes
Turn   | Place    | Note
-------+----------+-------------------------------------------
     0 | D:1      | KristoblXynda the Draconian Gladiator began the quest for
                  | the Orb.
     0 | D:1      | Reached XP level 1. HP: 17/17 MP: 1/1
   345 | D:1      | Reached XP level 2. HP: 19/25 MP: 2/2
   977 | D:1      | Slain by a gnoll

Illustrated notes

Levels and vault maps discovered:
D:1:      enne_arrival_octagon_isle, layout_basic
D:2:      layout_basic, serial_shops, nicolae_shop_overgrown_old_shop, shop,
          nicolae_ecumenical_snake_handling, minmay_pentomino_p2

Skill      XL: |  1  2 |
---------------+-------+-----
Throwing       | 2 |  2.0
Dodging        | 3 |  3.0
Fighting       | |  2.6
Long Blades    | |  3.5

Action                   || total
-------------------------++-------
Melee: Long sword        ||    64
       Tailslap          ||     9
Armor: Skin              ||    29
Dodge: Dodged            ||    58

Table legend: (Time is in decaauts)
 A = Elapsed time spent in this place.
 B = Non-inter-level travel time spent in this place.
 C = Inter-level travel time spent in this place.
 D = Time resting spent in this place.
 E = Time spent auto-exploring this place.
 F = Levels seen in this place.
 G = Mean time per level.
                   A        B        C        D        E       F      G
               +--------+--------+--------+--------+--------+-----+--------+
         Total |    994 |    973 |     21 |    205 |    589 |   2 |  497.0 |
       Dungeon |    994 |    973 |     21 |    205 |    589 |   2 |  497.0 |
               +--------+--------+--------+--------+--------+-----+--------+

Top non-repeatable levels by time:
     D:1: 985 daAuts
     D:2: 9 daAuts
